 Dungeon Crawl Stone Soup version 0.28-a0-1565-g95a8017c83 (webtiles) character file.

Game seed: 16286189603990295804

102 esteth the Twirler (level 4, -3/40 (41) HPs)
             Began as a Gnoll Wanderer on Jan 19, 2022.
             Was a High Priest of Ignis.
             Slain by a wight (8 damage)
             ... on level 4 of the Dungeon.
             The game lasted 00:05:08 (2894 turns).

esteth the Twirler (Gnoll Wanderer)                 Turns: 2894, Time: 00:05:08

HP:   -3/40 (41)    AC:  4    Str: 12 (14) XL:     4   Next: 77%
MP:   5/5           EV: 11    Int:  8 (11) God:    Ignis [*****.]
Gold: 145           SH:  0    Dex:  9 (11) Spells: 5/5 levels left

rFire   + + .      SeeInvis .   n - +2 mace of the World {holy, Will+}
rCold   + . .      Faith    .   (no shield)
rNeg    . . .      Spirit   .   d - +0 leather armour
rPois   +          Reflect  .   (no helmet)
rElec   +          Harm     .   c - +0 cloak
rCorr   +          Rampage  .   (no gloves)
Will    +....                   (no boots)
Stlth   ++........              (no amulet)
HPRegen 0.13/turn               p - ring of wizardry
MPRegen 0.09/turn               (no ring)

@: resistant, flying, lightly drained
A: fangs 1, strong nose, distributed training
a: Renounce Religion, Fiery Armour, Foxfire Swarm, Rising Flame


You were on level 4 of the Dungeon.
You worshipped Ignis.
Ignis was extremely pleased with you.
You visited 1 branch of the dungeon, and saw 4 of its levels.

You collected 145 gold pieces.

Inventory:

Hand Weapons
 a - a +0 vorpal quarterstaff
 g - a +1 dagger of venom
 n - the +2 mace of the World (weapon) {holy, Will+}
   (You found it on level 2 of the Dungeon)

   It has been blessed by the Shining One to cause great damage to the undead
   and demons.
   Will:      It increases your willpower.
Armour
 c - a +0 cloak (worn)
 d - a +0 leather armour (worn)
Jewellery
 p - a ring of wizardry (left hand)
Scrolls
 f - 2 scrolls of identify {unknown}
 h - a scroll of noise {unknown}
 j - a scroll of silence {unknown}
 k - 3 scrolls of teleportation {unknown}
 m - a scroll of enchant weapon {unknown}
 t - a scroll of blinking {unknown}
Potions
 b - a potion of attraction
 e - 2 potions of resistance
 o - a potion of lignification {unknown}
 q - a potion of magic {unknown}
 r - a potion of ambrosia {unknown}
 s - a potion of haste {unknown}


   Skills:
 + Level 6.6 Fighting
 + Level 1.2 Short Blades
 + Level 1.2 Long Blades
 + Level 1.2 Axes
 + Level 1.2 Maces & Flails
 + Level 1.2 Polearms
 + Level 6.6 Staves
 + Level 1.2 Slings
 + Level 1.2 Bows
 + Level 1.2 Crossbows
 + Level 1.2 Throwing
 + Level 2.8 Armour
 + Level 1.2 Dodging
 + Level 4.3 Stealth
 + Level 1.2 Shields
 + Level 2.8 Unarmed Combat
 + Level 1.2 Spellcasting
 + Level 1.0 Conjurations
 + Level 1.0 Hexes
 + Level 1.0 Summonings
 + Level 1.0 Necromancy
 + Level 1.0 Translocations
 + Level 1.0 Transmutations
 + Level 1.0 Fire Magic
 + Level 1.0 Ice Magic
 + Level 1.0 Air Magic
 + Level 1.0 Earth Magic
 + Level 1.0 Poison Magic
 + Level 1.3 Invocations
 + Level 1.2 Evocations


You had 5 spell levels left.
You didn't know any spells.
Your spell library contained the following spells:

 Spells                   Type           Power      Damage    Failure   Level
 Sandblast                Erth           4%         2d4       13%         1
 Passwall                 Tmut/Erth      1%         N/A       19%         2
 Stone Arrow              Conj/Erth      4%         3d7       34%         3


Dungeon Overview and Level Annotations

Branches:
Dungeon (4/15)
 Temple: D:4-7

Altars:
Hepliaklqana
Ignis


Innate Abilities, Weirdness & Mutations

You have very sharp teeth.
Your uncanny sense of smell can sniff out nearby items.
Your experience applies equally to all skills.


Message History

There is an open door here.
There is a stone staircase leading down here.
You climb downwards.
Found 13 gold pieces.
There is a stone staircase leading up here.
An endoplasm is nearby!
The helpless endoplasm fails to defend itself.
You hit the endoplasm.
You bite the endoplasm, but do no damage.
The endoplasm is almost dead.
The endoplasm jiggles.
The endoplasm barely misses you.
You hit the endoplasm.
You kill the endoplasm!
No target in view!
You now have 145 gold pieces (gained 13).
A goblin comes into view. It is wielding a +0 dagger.
The goblin shouts!
A wight comes into view.
It is wielding a +0 hand axe. 2 wights come into view.
The goblin hits you with a +0 dagger.
You sock the goblin!
You kill the goblin!
The wight hits you with a +5 flail!
You hit the wight.
The wight convulses.
The wight is heavily damaged.
The wight hits you with a +5 flail!
It was a potion of resistance.
You feel protected. The wight closely misses you.
It was a potion of flight.
You feel very buoyant.
You fly up into the air.
The wight hits you with a +5 flail!
* * * LOW HITPOINT WARNING * * *
You feel drained.
It was a potion of degeneration.
There was something very wrong with that liquid.
You feel weakened.
You feel dopey.
You feel clumsy. The wight hits you with a +5 flail!
You die...

#.# #.# #. #.# #.#≈ ###
#.# #.≈≈##≈### ##.#
#.≈##≈≈≈≈≈ # ..#
#.≈≈≈≈...≈
#.#####.#####....#...≈
#.)zz@.........#.....≈
#....z###...............
#.....# #.######.#......
#.......#
#.######.#.#....
###.....#
#........#.##... #.....#
##########.###.# ###.###
#.# #.# #. #.# #.# #..
..#


You could see 3 wights.

Vanquished Creatures
  Jessica (D:2)
  An adder (D:3)
  2 worms (D:2)
  An orc (D:3)
  6 ball pythons
  7 endoplasms
  4 giant cockroaches
  8 goblins
  4 hobgoblins
  5 jackals
  7 kobolds
  3 bats
  3 rats
52 creatures vanquished.

Notes
Turn   | Place    | Note
-------+----------+-------------------------------------------
     0 | D:1      | esteth the Gnoll Wanderer began the quest for the Orb.
     0 | D:1      | esteth set off with the following items: a +0 vorpal
                  | quarterstaff, a potion of attraction, a +0 cloak, a +0
                  | leather armour
     0 | D:1      | Reached XP level 1. HP: 23/23 MP: 1/1
   348 | D:1      | Reached XP level 2. HP: 29/29 MP: 2/2
  1017 | D:2      | Found a faded altar of an unknown god.
  1056 | D:2      | Reached XP level 3. HP: 35/35 MP: 3/3
  1074 | D:2      | Prayed at the altar of an unknown god.
  1074 | D:2      | Became a worshipper of Ignis, the Dying Flame
  1488 | D:2      | Identified the +2 mace of the World {holy, Will+}
  1532 | D:2      | Reached skill level 1 in Invocations
  1811 | D:2      | Noticed Jessica
  1817 | D:2      | Killed Jessica
  1818 | D:2      | Reached skill level 1 in Short Blades
  1818 | D:2      | Reached skill level 1 in Long Blades
  1818 | D:2      | Reached skill level 1 in Axes
  1818 | D:2      | Reached skill level 1 in Maces & Flails
  1818 | D:2      | Reached skill level 1 in Polearms
  1818 | D:2      | Reached skill level 1 in Slings
  1818 | D:2      | Reached skill level 1 in Bows
  1818 | D:2      | Reached skill level 1 in Crossbows
  1818 | D:2      | Reached skill level 1 in Throwing
  1818 | D:2      | Reached skill level 1 in Dodging
  1818 | D:2      | Reached skill level 1 in Shields
  1818 | D:2      | Reached skill level 1 in Spellcasting
  1818 | D:2      | Reached skill level 1 in Evocations
  1818 | D:2      | Reached XP level 4. HP: 36/41 MP: 5/5
  2292 | D:3      | Reached skill level 1 in Conjurations
  2292 | D:3      | Reached skill level 1 in Hexes
  2292 | D:3      | Reached skill level 1 in Summonings
  2292 | D:3      | Reached skill level 1 in Necromancy
  2292 | D:3      | Reached skill level 1 in Translocations
  2292 | D:3      | Reached skill level 1 in Transmutations
  2292 | D:3      | Reached skill level 1 in Fire Magic
  2292 | D:3      | Reached skill level 1 in Ice Magic
  2292 | D:3      | Reached skill level 1 in Air Magic
  2292 | D:3      | Reached skill level 1 in Earth Magic
  2292 | D:3      | Reached skill level 1 in Poison Magic
  2559 | D:3      | Found a hazy altar of Hepliaklqana.
  2894 | D:4      | Slain by a wight

Illustrated notes

Levels and vault maps discovered:
D:1:      psy_arrival_terrarium, layout_loops_cross
D:2:      layout_basic, hellmonk_ecumenical_altar_pennies_from_heaven,
          minmay_split_cup_small, uniq_jessica
D:3:      layout_basic, lemuel_coloured_pillars_altar
D:4:      layout_loops_ring, grunt_gozag_breadcrumbs, lemuel_round_altar,
          minmay_manual_mullet, uniq_duvessa

Skill      XL: |  1  2  3  4 |
---------------+-------------+-----
Invocations    | 1 |  1.3
Short Blades   | 1 |  1.2
Long Blades    | 1 |  1.2
Axes           | 1 |  1.2
Maces & Flails | 1 |  1.2
Polearms       | 1 |  1.2
Slings         | 1 |  1.2
Bows           | 1 |  1.2
Crossbows      | 1 |  1.2
Throwing       | 1 |  1.2
Dodging        | 1 |  1.2
Shields        | 1 |  1.2
Spellcasting   | 1 |  1.2
Evocations     | 1 |  1.2
Conjurations   | 1 |  1.0
Hexes          | 1 |  1.0
Summonings     | 1 |  1.0
Necromancy     | 1 |  1.0
Translocations | 1 |  1.0
Transmutations | 1 |  1.0
Fire Magic     | 1 |  1.0
Ice Magic      | 1 |  1.0
Air Magic      | 1 |  1.0
Earth Magic    | 1 |  1.0
Poison Magic   | 1 |  1.0
Fighting       | |  6.6
Staves         | |  6.6
Armour         | |  2.8
Stealth        | |  4.3
Unarmed Combat | |  2.8

Action                   |  1- 3 |  4- 6 || total
-------------------------+-------+-------++-------
Melee: Quarterstaff      |    11 |       ||    11
       Dagger            |    65 |       ||    65
       Bite              |     7 |     7 ||    14
       Punch             |     3 |       ||     3
       Mace              |    25 |    52 ||    77
  Use: Potion            |       |     3 ||     3
 Stab: Sleeping          |     8 |     4 ||    12
Armor: Leather armour    |    28 |    14 ||    42
Dodge: Dodged            |    61 |    28 ||    89

Table legend: (Time is in decaauts)
 A = Elapsed time spent in this place.
 B = Non-inter-level travel time spent in this place.
 C = Inter-level travel time spent in this place.
 D = Time resting spent in this place.
 E = Time spent auto-exploring this place.
 F = Levels seen in this place.
 G = Mean time per level.
                   A        B        C        D        E       F      G
               +--------+--------+--------+--------+--------+-----+--------+
         Total |   2919 |   2770 |    149 |    451 |   1896 |   4 |  729.8 |
       Dungeon |   2919 |   2770 |    149 |    451 |   1896 |   4 |  729.8 |
               +--------+--------+--------+--------+--------+-----+--------+

Top non-repeatable levels by time:
     D:2: 985 daAuts
     D:1: 956 daAuts
     D:3: 940 daAuts
     D:4: 38 daAuts
